← All builds
Tech / Armada / Economy first / OBSERVED BUILD

Standard tech

Armada Tech (Eco) build order · Supreme Isthmus

Rushes T2 by 4:15, gets Advanced Metal Extractor around 5:28, hands off T2 constructors to Geo and the team, then scales eco and supplies the team's T2 needs through the rest of the game.

Usually first T2 con to Geo (83%)

#eco #t2 #team support · 1593 distinct matches · 254 players · 60% of Armada Tech games · team won 54% of 1902 · Recently observed

HOW TO PLAY IT

Key timing: T2 factory by 4:15

  1. Open 3 mex and heavy wind to fund a fast T2 rush.
  2. Put down Bot Lab, planning to eat it for reclaim soon after.
  3. Get Advanced Bot Lab up, hitting the T2 factory rush timing.
  4. Upgrade mex to Advanced Metal Extractor to lock in team metal income.
  5. Eat Advanced Bot Lab and keep sending cons to Geo and Pond.

Phase by phase

TYPICAL OF ITS 1593 GAMES
  1. 1
  2. 2
  3. 3
  4. 4
PLAY THE OPENING

Follow the example game's first 6:00 step by step: what to build now, what comes next, and where it goes. At 1× it keeps pace with your own game.

  1. 1

    Up to the Bot Lab

    Economy
    • Metal Extractor3Mex
    • Wind Turbine4Wind
    Order
    1. Bot LabBot Lab after 3 mex, 4 winddone ~1:18, middle half 1:13–1:32

    Some games also: energy storage (31%)

    By 1:01 in all: 3 mex · 4 wind

    The example game in this phase · 3 steps
    1. Mex ×3
    2. Wind ×6
    3. Bot LabBot Labdone 1:30 · typical 1:18
  2. 2

    Bot Lab to Advanced Bot Lab

    Economy
    • Metal Extractor1Mex
    • Wind Turbine8Wind
    • Energy Storage1Energy storage
    Order
    1. Advanced Bot LabAdvanced Bot Lab after 4 mex, 12 wind, 3 con turretdone ~4:16, middle half 4:04–4:30
    Builders
    • Construction Turret3 Con turret
    • Lazarus3 Lazarus
    • Construction Bot2 Con bot
    • Construction Bot1 Con bot for allies

    Some games also: converter (36%)

    By 3:19 in all: 4 mex · 12 wind · 1 energy storage · 3 con turret

    The example game in this phase · 13 steps
    1. LazarusLazarus ×2
    2. Construction BotCon bot
    3. Construction BotCon botfor Air
    4. Construction BotCon bot
    5. Wind ×2
    6. Mex
    7. LazarusLazarus
    8. Con turret
    9. Energy storage
    10. Con turret
    11. Wind
    12. Con turret
    13. Advanced Bot LabAdvanced Bot Labdone 4:25 · typical 4:16
  3. 3

    Advanced Bot Lab to 5:00

    Economy
    • Wind Turbine3Wind
    Order
    1. Bot LabEat Bot Lab
    Builders
    • Advanced Construction Bot1 T2 con bot for allies

    Some games also: converter (35%)

    By 5:00 in all: 4 mex · 15 wind · 1 converter · 1 energy storage · 3 con turret

    The example game in this phase · 7 steps
    1. Wind
    2. Bot LabEat Bot Labreclaimed for its metal
    3. Wind ×3
    4. Advanced Construction BotT2 con botfor Geo
    5. Wind
    6. FatboyFatboyfor Ponddone 5:12
    7. Wind ×2
  4. 4

    5:00 to 10:00

    Economy
    • Wind Turbine43Wind
    • Energy Converter6Converter
    Builders
    • Butler9 Butler
    • Advanced Construction Bot4 T2 con bot for allies
    • Advanced Construction Bot1 T2 con bot

    Some games also: con turret (43%) · Butler for allies (37%)

    By 10:00 in all: 4 mex · 58 wind · 8 converter · 1 energy storage · 3 con turret

    The example game in this phase · 115 steps
    1. Wind
    2. Advanced Construction BotT2 con botfor Air
    3. Wind
    4. Advanced Metal ExtractorT2 mexdone 6:20 · typical 5:29
    5. Wind
    6. Advanced Metal ExtractorT2 mex ×2
    7. Converter ×3
    8. Advanced Construction BotT2 con botfor Geo sea
    9. Converter
    10. ButlerButler ×2
    11. Advanced Metal ExtractorT2 mex
    12. Advanced Construction BotT2 con bot ×3for Front
    13. ButlerButler ×3
    14. Wind
    15. ButlerButler
    16. Wind
    17. ButlerButler
    18. Wind
    19. ButlerButler
    20. Wind ×4
    21. ButlerButler
    22. Wind ×4
    23. UmbrellaAnti-nukedone 10:49
    24. Wind ×7
    25. Converter
    26. Wind ×5
    27. Converter
    28. Wind ×7
    29. Converter
    30. Wind ×3
    31. Converter
    32. Wind ×3
    33. Advanced Construction BotT2 con bot
    34. Converter
    35. Wind ×5
    36. SharpshooterSniper botnot finished by 15:00
    37. Wind
    38. Converter
    39. Wind ×5
    40. Converter
    41. Wind ×3
    42. Converter
    43. Advanced Construction BotT2 con botfor Pond
    44. Wind ×4
    45. Converter
    46. Wind ×4
    47. SharpshooterSniper bot
    48. Wind
    49. Converter
    50. Wind ×3
    51. Converter
    52. Wind ×3
    53. Converter
    54. Wind ×2
    55. SharpshooterSniper bot
    56. Wind
    57. Converter
    58. Wind ×4
    59. Converter
    60. Con turret
    61. Wind ×3
    62. HoundHound
    63. Converter
    64. Solar
    65. Wind ×2
    66. Solar
    67. Wind
    68. HoundHound
    69. Converter
    70. Wind
    71. Solar
    72. Wind ×2
    73. Converter
    74. HoundHound
    75. Wind ×3
    76. Converter
    77. Wind
    78. HoundHound
    79. Wind ×2
    80. Converter
    81. Wind
    82. HoundHound
    83. Wind ×3
    84. Converter
    85. Con turret
    86. HoundHound
    87. Wind ×2
    88. CompassRadar bot
    89. SmugglerJammer bot
    90. Converter
    91. Wind ×2
    92. CompassRadar bot
    93. Wind
    94. Converter
    95. Wind ×3
    96. Converter
    97. Wind
    98. HoundHound
    99. Wind ×3
    100. Converter
    101. HoundHound
    102. Wind ×2
    103. Con turret
    104. HoundHound
    105. FerretFerret
    106. Converter
    107. FerretFerret
    108. Wind ×3
    109. HoundHound
    110. Wind
    111. Converter
    112. Wind ×2
    113. HoundHound
    114. Converter
    115. Wind

Counts are medians over the build's games: half of them build more, half fewer. The example game is GazzGrim's (30 OS, 11/10/2026); pick another.

Team trades

IN AT LEAST 30% OF ITS GAMES

You hand over

  • Construction Bot1 Con bot to Airfirst at 2:23 · in 84% of games
  • Advanced Construction Bot5 T2 con bot to Air or Pond or Geo seafirst at 4:50 · in 99% of games
  • Butler2 Butler to Geo sea or Beach sea or Pondfirst at 9:06 · in 42% of games

You get

  • Hercules1 Light transport from Airfirst at 4:01 · in 86% of games

How it plays out

Typical game of this build, running totals by minute

Metal produced

020k40k
0:005:0010:0015:00

metal

Enemy metal destroyed

050100150
0:005:0010:0015:00

metal

Own metal lost

050100150
0:005:0010:0015:00

metal

1902 games.

Show as table
ByMetal produced: This buildEnemy metal destroyed: This buildOwn metal lost: This build
1:0038300
2:0091500
3:00165200
4:00314300
5:00484800
6:00580100
7:00723000
8:00906400
9:001117800
10:001352000
11:001624200
12:001965200
13:002343000
14:0027286074
15:0031512108130
WHAT THE NUMBERS SAY

Standard Tech play barely fights at all early, instead pouring metal into T2 infrastructure and constructors for the team.

  • + Metal produced hits 31679 by 15:00, by far the highest of any role here.
  • + T2 factory reached in 97% of games by 4:15, fastest and most reliable T2 timing.
  • − Enemy metal destroyed stays at 0 through 10:00, no early offense at all.
  • − Own metal lost also near 0, showing total avoidance of combat risk.
THE EXAMPLE YOU ARE READING

GazzGrim

30.0 OS · 11/10/2026

Open source match ↗

2 received units
7060 metal received · 57885 energy received

Allied construction assistance is unknown. Timings are observations, not a promise of solo reproducibility.

Typical milestones

Bot Lab1:18Middle 50%: 1:13–1:32 · n=1902
Advanced Bot Lab4:16Middle 50%: 4:04–4:30 · n=1895
Advanced Metal Extractor5:29Middle 50%: 5:05–5:59 · n=1898

Played most by

Amrissa96games of this buildTheGeneraI70games of this buildAdeus57games of this buildEl_Turco55games of this buildKOT_44games of this build